 Dungeon Crawl Stone Soup version 0.16.2-2-g470672f (webtiles) character file.

91 Enish the Grasshopper (level 4, 0/22 HPs)
             Began as a Spriggan Warper on Aug 26, 2015.
             Succumbed to an adder's poison
             ... on level 3 of the Dungeon.
             The game lasted 00:08:04 (1973 turns).

Enish the Grasshopper (Spriggan Warper)             Turns: 1973, Time: 00:08:04

Health: 0/22       AC:  1    Str:  7    XL:     4   Next: 33%
Magic:  10/10      EV: 19    Int: 16    God:
Gold:   60         SH:  0    Dex: 16    Spells: 3 memorised, 2 levels left

rFire  . . .     SeeInvis +     a - +0 short sword
rCold  + . .     Clarity  .     l - +0 robe
rNeg   . . .     SustAb   .     (shield restricted)
rPois  .         Gourm    .     (helmet restricted)
rElec  .         Spirit   .     (no cloak)
rCorr  .         Warding  .     (gloves unavailable)
rMut   .         Rnd*Tele +     (boots unavailable)
MR     .....                    (no amulet)
Stlth  +.........               (no ring)
                                (no ring)

@: lethally poisoned (0 -> -5), very quick, not resistant to hostile
enchantments, very unstealthy
A: unfitting armour, hooves 1, see invisible, clever 1, cold resistance 1,
deformed body, herbivore 3, speed 3, low mp 1, slow metabolism 2, teleportitis 1
a: no special abilities


You were on level 3 of the Dungeon.
You were not hungry.

You visited 1 branch of the dungeon, and saw 3 of its levels.

You collected 60 gold pieces.

Inventory:

Hand weapons
 a - a +0 short sword (weapon)
 b - a +0 hunting sling
 j - a +0 dagger
Missiles
 n - 9 sling bullets
Armour
 l - a +0 robe (worn)
Scrolls
 d - a scroll of blinking
 h - a scroll of enchant weapon {unknown}
 i - a scroll of remove curse {unknown}
 r - a scroll of teleportation {unknown}
 s - a scroll of fear {unknown}
Potions
 k - a potion of restore abilities
 o - a potion of haste
 p - 2 potions of degeneration
Books
 c - a book of Spatial Translocations

   Spells                             Type                      Level
   a - Apportation                    Translocation                1
   b - Blink                          Translocation                2
   c - Shroud of Golubria             Charms/Translocation         2
   d - Portal Projectile              Translocation                3
   e - Teleport Other                 Translocation                3
   f - Passage of Golubria            Translocation                4
Comestibles
 f - 2 bread rations
 q - a slice of pizza


   Skills:
 - Level 1.5 Fighting
 - Level 2.4 Short Blades
 * Level 2.9(3.1) Slings
 - Level 1.1(2.0) Throwing
 - Level 0.6 Armour
 - Level 3.6 Dodging
 - Level 2.9 Spellcasting
 + Level 5.7 Translocations


You had 2 spell levels left.
You knew the following spells:

 Your Spells              Type           Power        Failure   Level  Hunger
a - Apportation           Tloc           ###.......   1%          1    #......
b - Blink                 Tloc           N/A          3%          2    ##.....
c - Portal Projectile     Tloc           ###...       8%          3    ###....


Dungeon Overview and Level Annotations

Branches:
Dungeon (3/15)

Altars:


Innate Abilities, Weirdness & Mutations

You are tiny and cannot use many weapons and most armour.
You have supernaturally acute eyesight.
You are a herbivore.
You cover ground extremely quickly.
You need consume almost no food.
You have large cloven feet.
Your mind is acute. (Int +2)
Your flesh is cold resistant.
Armour fits poorly on your strangely shaped body.
Your magical capacity is low (-10% MP).
Space occasionally distorts in your vicinity.


Message History

Okay, then.
Drink which item? (? for menu, Esc to quit)
It was a potion of magic.
Magic courses through your body. Ijyb hits you but does no damage.
You hit Ijyb but do no damage. You kick Ijyb, but do no damage.
Ijyb is almost dead.
Ijyb hits you with a club.
* * * LOW HITPOINT WARNING * * *
You closely miss Ijyb. You kick Ijyb, but do no damage.
Ijyb is almost dead.
Ijyb misses you.
You hit Ijyb.
You kill Ijyb!
The adder bites you.
* * * LOW HITPOINT WARNING * * *
You are lethally poisoned!
The adder poisons you!
You hit the adder but do no damage.
The adder is severely wounded.
You die...

#.## .... ... . ..# ... ..
....####.# . ..........# .# .
.......#.###### ...
(....(.S@.....#####...# .#..
..#....#####........⌠.. ..... .
...... #..#####...# .##.##.#
.####.#####.## .##....
............# .##...
..#.#.#####.# # .##.## ##.#
######.# .# .....#.
...#+##......# #.##
..#.##.###......####.######.(.##


You could see an adder.

Vanquished Creatures
  Ijyb (D:3)
  2 adders
  2 giant geckos (D:1)
  An ooze (D:1)
  3 orcs (D:3)
  2 giant cockroaches
  6 hobgoblins
  6 bats
  4 giant newts
  4 goblins
  4 jackals
  7 kobolds
  2 quokkas
  5 rats
49 creatures vanquished.

Notes
Turn   | Place    | Note
--------------------------------------------------------------
     0 | D:1      | Enish, the Spriggan Warper, began the quest for the Orb.
     0 | D:1      | Reached XP level 1. HP: 10/10 MP: 4/4
   232 | D:1      | Reached XP level 2. HP: 8/14 MP: 7/7
   907 | D:1      | Reached skill level 5 in Translocations
   914 | D:1      | Learned a level 2 spell: Blink
  1201 | D:1      | Reached skill level 1 in Slings
  1284 | D:2      | Reached XP level 3. HP: 18/18 MP: 9/9
  1351 | D:2      | Learned a level 3 spell: Portal Projectile
  1760 | D:2      | Gained mutation: You have large cloven feet. [potion of mutation]
  1760 | D:2      | Gained mutation: Space occasionally distorts in your vicinity. [potion of mutation]
  1760 | D:2      | Gained mutation: Your flesh is cold resistant. [potion of mutation]
  1761 | D:2      | Gained mutation: Your magical capacity is low (-10% MP). [potion of mutation]
  1761 | D:2      | Gained mutation: Your mind is acute. (Int +2) [potion of mutation]
  1761 | D:2      | Gained mutation: Armour fits poorly on your strangely shaped body. [potion of mutation]
  1828 | D:3      | Reached XP level 4. HP: 17/22 MP: 10/10
  1948 | D:3      | Noticed Ijyb
  1972 | D:3      | Killed Ijyb
  1972 | D:3      | HP: 1/22 [adder (2)]
  1973 | D:3      | Succumbed to an adder's poison

Action                   |  1- 3 |  4- 6 || total
-------------------------+-------+-------++-------
Melee: Short sword       |    51 |     4 ||    55
 Fire: Hunting sling     |    76 |       ||    76
Throw: Tomahawk          |     7 |    31 ||    38
       Stone             |       |     1 ||     1
 Cast: Portal Projectile |     1 |       ||     1
  Use: Scroll            |     4 |       ||     4
       Potion            |     2 |     1 ||     3
